 Dungeon Crawl Stone Soup version 0.21.1-1-g345015f (webtiles) character file.

193 johnjohn the Chopper (level 5, 0/48 HPs)
             Began as a Hill Orc Fighter on May 13, 2018.
             Slain by fly's ghost (2 damage)
             ... on level 4 of the Dungeon.
             The game lasted 00:12:27 (2536 turns).

johnjohn the Chopper (Hill Orc Fighter)             Turns: 2536, Time: 00:12:31

Health: 0/48       AC:  8    Str: 20    XL:     5   Next: 72%
Magic:  0/5        EV:  7    Int:  8    God:
Gold:   136        SH: 10    Dex: 10    Spells: 4/4 levels left

rFire    . . .     SeeInvis .   a - +0 war axe
rCold    . . .     Gourm    .   c - +1 shield
rNeg     . . .     Faith    .   b - +0 scale mail
rPois    .         Spirit   +   (no helmet)
rElec    .         Reflect  .   (no cloak)
rCorr    .         Harm     .   l - +0 pair of gloves
MR       .....                  (no boots)
Stlth    ..........             u - amulet of guardian spirit
HPRegen  0.16/turn              (no ring)
MPRegen  0.09/turn              (no ring)

@: no status effects
A: no striking features
a: no special abilities


You were on level 4 of the Dungeon.
You were not hungry.

You visited 1 branch of the dungeon, and saw 4 of its levels.

You collected 136 gold pieces.

Inventory:

Hand Weapons
 a - a +0 war axe (weapon)
Armour
 b - a +0 scale mail (worn)
 c - a +1 shield (worn)
 l - a +0 pair of gloves (worn)
 n - a +0 ring mail
Jewellery
 s - a +5 amulet of reflection {unknown}
 u - an amulet of guardian spirit (around neck)
Scrolls
 e - a scroll of teleportation
 i - 5 scrolls of identify
 j - a scroll of magic mapping {unknown}
Potions
 d - a potion of might
 g - a potion of haste {unknown}
 h - a potion of resistance {unknown}
 k - a potion of lignification {unknown}
 m - a potion of agility {unknown}
 o - a potion of mutation {unknown}
 p - 3 potions of heal wounds {unknown}
 t - a potion of cancellation {unknown}
Comestibles
 f - 9 rations


   Skills:
 + Level 5.2 Fighting
 * Level 6.2 Axes
 - Level 3.3 Armour
 - Level 3.4 Shields


You had 4 spell levels left.
You didn't know any spells.

Dungeon Overview and Level Annotations

Branches:
Dungeon (4/15)
 Temple: D:4-7

Altars:
Sif Muna

Annotations:
D:4 fly's ghost, amateur DDNe


Message History

Fly's ghost hits you but does no damage.
You hit fly's ghost but do no damage.
Fly's ghost is heavily damaged.
Fly's ghost hits you. Fly's ghost burns you.
A dart slug comes into view.
You slash fly's ghost!
Fly's ghost is severely damaged.
Fly's ghost points at you and mumbles some strange words.
Pain shoots through your body!
* * * LOW HITPOINT WARNING * * *
You hit fly's ghost.
Fly's ghost is almost destroyed.
You block fly's ghost's attack.
You closely miss fly's ghost.
Fly's ghost is severely damaged.
Fly's ghost is infused with unholy energy.
* * * LOW HITPOINT WARNING * * *
Fly's ghost draws life force from you and is healed!
Fly's ghost hits you.
You die...

#### .... # .... #.####
..### .....####.....#
#.......#w..###
#.#....@Wh.....
#..<.##†#h#.... #
#.#..##.#.#.#.#
#.##.#>.#......#
#######..........#.#.##
......####......##.....
......# #.#...........
.###..####.##)..###..#.#
#.......##.####.# .# #


You could see fly's ghost, a dart slug and 2 jackals.

Vanquished Creatures
  A scorpion (D:4)
  A worker ant (D:4)
  The ghost of Iko the Skirmisher, a weakling BaCK of Xom (D:3)
  A hound skeleton (D:4)
  2 adders (D:2)
  2 oozes
  A worm (D:2)
  A dart slug (D:1)
  2 leopard geckos (D:1)
  An orc (D:3)
  4 bats
  3 giant cockroaches
  10 goblins
  6 hobgoblins
  4 jackals
  A quokka (D:3)
  5 frilled lizards
  6 kobolds
  A leopard gecko skeleton (D:4)
  7 rats
60 creatures vanquished.

Notes
Turn   | Place    | Note
-------+----------+-------------------------------------------
     0 | D:1      | johnjohn the Hill Orc Fighter began the quest for the Orb.
     0 | D:1      | Reached XP level 1. HP: 19/19 MP: 1/1
   134 | D:1      | Reached skill level 3 in Axes
   134 | D:1      | Reached XP level 2. HP: 27/27 MP: 2/2
   336 | D:1      | Reached XP level 3. HP: 27/33 MP: 3/3
   804 | D:2      | Reached skill level 4 in Axes
  1064 | D:2      | Reached XP level 4. HP: 41/41 MP: 4/4
  1094 | D:2      | Found a deep blue altar of Sif Muna.
  1491 | D:3      | Noticed Iko's ghost (weakling BaCK)
  1497 | D:3      | Killed Iko's ghost
  1497 | D:3      | Reached skill level 5 in Axes
  2284 | D:4      | Reached skill level 5 in Fighting
  2284 | D:4      | Reached XP level 5. HP: 40/48 MP: 3/5
  2391 | D:4      | Reached skill level 6 in Axes
  2513 | D:4      | Noticed fly's ghost (amateur DDNe)
  2536 | D:4      | HP: 2/48 [fly's ghost/vampiric draining (9)]
  2536 | D:4      | Slain by fly's ghost

Skill      XL: |  1  2  3  4  5 |
---------------+----------------+-----
Axes           | 3 4 5 6 |  6.2
Fighting       | 4 5 |  5.2
Armour         | |  3.3
Shields        | |  3.4

Action                   |  1- 3 |  4- 6 || total
-------------------------+-------+-------++-------
Melee: War axe           |    90 |   104 ||   194
  Use: Scroll            |       |     6 ||     6
  Eat: Chunk             |     1 |     3 ||     4
       Ration            |       |     1 ||     1
Armor: Scale mail        |    41 |    37 ||    78
Dodge: Dodged            |    27 |    22 ||    49
Block: Shield            |    48 |    60 ||   108
